 Dungeon Crawl Stone Soup version 0.13-a0-2700-g8dc4729 (webtiles) character file.

189 M4edhros the Charlatan (level 3, 0/24 HPs)
             Began as an Octopode Artificer on Aug 15, 2013.
             Succumbed to an adder's poison
             ... on Level 3 of the Dungeon.
             The game lasted 00:02:50 (1534 turns).

M4edhros the Charlatan (Octopode Artificer)         Turns: 1534, Time: 00:02:50

HP   0/24        AC  1     Str 10      XL: 3   Next: 68%
MP   5/5         EV 12     Int 15      God:
Gold 143         SH  0     Dex 12      Spells:  0 memorised,  2 levels left

Res.Fire  : + . .   See Invis. : .   a - +0 short sword
Res.Cold  : + . .   Warding    : .   (no shield)
Life Prot.: . . .   Conserve   : .   (helmet restricted)
Res.Poison: +       Res.Corr.  : .   (no amulet)
Res.Elec. : +       Clarity    : .   (no ring)
Sust.Abil.: . .     Spirit.Shd : .   (no ring)
Res.Mut.  : .       Stasis     : .   (no ring)
Res.Rott. : .       Flight     : +   (no ring)
Saprovore : . . .                    (no ring)
                                     (no ring)
                                     (no ring)
                                     (no ring)

@: flying, mildly poisoned, not resistant to hostile enchantments, stealthy
A: almost no armour, amphibious, 8 rings, constrict 8, camouflage 1, AC +1
a: no special abilities


You were on level 3 of the Dungeon.
You were not hungry.

You visited 1 branch of the dungeon, and saw 3 of its levels.

You collected 123 gold pieces.

Inventory:

Hand weapons
 a - a +0,+0 short sword (weapon)
 i - a cursed -1 blowgun
Missiles
 o - 3 javelins of penetration (quivered)
 v - 14 poisoned needles
Magical devices
 b - a wand of flame (15)
 c - a wand of enslavement (14)
 d - a wand of random effects (15)
Comestibles
 f - a bread ration
 h - 2 apples
 n - a choko
 q - a meat ration
Scrolls
 e - 2 scrolls of blinking {unknown}
 j - a scroll of curse jewellery {unknown}
 k - a scroll of enchant armour {unknown}
 l - a scroll of noise {unknown}
 m - a scroll of identify {unknown}
 p - a scroll of fog {unknown}
 u - a scroll of remove curse {unknown}


   Skills:
 - Level 1.0 Fighting
 - Level 1.0 Short Blades
 - Level 2.0 Dodging
 - Level 1.3 Stealth
 + Level 5.2 Evocations


You had 2 spell levels left.
You didn't know any spells.

Dungeon Overview and Level Annotations

Branches:
Dungeon (3/27)

Altars:
Fedhas
Makhleb
Vehumet


Innate Abilities, Weirdness & Mutations

You cannot wear most types of armour.
You are amphibious.
You can wear up to eight rings at the same time.
You can use your tentacles to constrict many enemies at once.
Your skin changes colour to match your surroundings (Stlth).
Your rubbery body absorbs attacks (AC +1).


Message History

You kill the adder!
Drink which item? (? for menu, Esc to quit)
You feel protected.
It was a potion of resistance.
Drink which item? (? for menu, Esc to quit)
You feel slightly nauseous.
It was a potion of poison.
Drink which item? (? for menu, Esc to quit)
Magic courses through your body.
It was a potion of magic.
Drink which item? (? for menu, Esc to quit)
You feel very buoyant.
You fly up into the air.
It was a potion of flight.
You start resting.
* * * LOW HITPOINT WARNING * * *
You feel sick.
You start resting.
* * * LOW HITPOINT WARNING * * *
You feel sick.
You feel a little better.
You start resting.
You die...

#####+#######
#.....%.<...#
#...%......%#
+....%.....@+
#...........#
#...........#
#...$.....>.#
#...........#
#...........#
###$§.§§#####
#.._..# .§§


There were no monsters in sight!

Vanquished Creatures
  An adder (D:3)
  A giant gecko (D:2)
  11 bats
  2 giant cockroaches
  A hobgoblin (D:3)
  8 kobolds
  4 giant newts (D:2)
  4 goblins
  7 rats (D:1)
39 creatures vanquished.

Notes
Turn   | Place    | Note
--------------------------------------------------------------
     0 | D:1      | M4edhros, the Octopode Artificer, began the quest for the Orb.
     0 | D:1      | Reached XP level 1. HP: 14/14 MP: 1/1
   191 | D:1      | Reached skill level 4 in Evocations
   191 | D:1      | Reached XP level 2. HP: 16/19 MP: 3/3
   769 | D:2      | Found a burning altar of Makhleb.
   834 | D:2      | Reached XP level 3. HP: 20/24 MP: 5/5
  1196 | D:2      | Found a blossoming altar of Fedhas.
  1479 | D:3      | Found a radiant altar of Vehumet.
  1481 | D:3      | Reached skill level 5 in Evocations
  1528 | D:3      | HP: 1/24 [poisoned by an adder]
  1534 | D:3      | Succumbed to an adder's poison

Action                   || total
-------------------------++-------
Melee: Short sword       ||    91
Evoke: Wand              ||     1
  Use: Potion            ||     7
 Stab: Sleeping          ||     2
